 Dungeon Crawl Stone Soup version 0.27-a0-887-gcab673c142 (webtiles) character file.

Game seed: 16586194021905129139

2199 Hasart the Cleaver (level 8, -1/93 HPs)
             Began as a Demigod Fighter on Apr 4, 2021.
             Slain by a gnoll
             ... wielding a +0 spear of freezing
              (7 damage)
             ... on level 7 of the Dungeon.
             The game lasted 00:10:33 (4354 turns).

Hasart the Cleaver (Demigod Fighter)                Turns: 4354, Time: 00:10:35

Health: -1/93      AC:  6    Str: 25    XL:     8   Next: 88%
Magic:  19/19      EV:  8    Int: 10    God:
Gold:   352        SH: 10    Dex: 13    Spells: 7/7 levels left

rFire    . . .     SeeInvis .   d - +4 hand axe (freeze)
rCold    . . .     Faith    .   c - +1 kite shield
rNeg     . . .     Spirit   .   v - +0 troll leather armour {Purgy}
rPois    .         Reflect  .   q - +0 helmet
rElec    .         Harm     .   (no cloak)
rCorr    .         Rampage  .   i - +0 pair of gloves
Will     .....                  (no boots)
Stlth    ..........             f - amulet of regeneration
HPRegen  2.25/turn              o - ring of magical power
MPRegen  0.16/turn              (no ring)

@: berserking, lethally poisoned (-1 -> -2), slowed
A: high mp 1, forlorn
a: no special abilities


You were on level 7 of the Dungeon.
You visited 1 branch of the dungeon, and saw 7 of its levels.

You collected 352 gold pieces.

Inventory:

Hand Weapons
 a - a +0 war axe
 d - a +4 hand axe of freezing (weapon)
 w - a +3 dagger of venom
Missiles
 b - 5 curare-tipped darts
 l - 8 javelins (quivered)
 m - a throwing net
Armour
 c - a +1 kite shield (worn)
 i - a +0 pair of gloves (worn)
 q - a +0 helmet (worn)
 v - a +0 troll leather armour (worn) {Purgy}
 y - a +2 scale mail of willpower
Jewellery
 f - an amulet of regeneration (around neck)
 o - a ring of magical power (left hand)
Wands
 k - a wand of iceblast (8)
Scrolls
 p - a scroll of torment
 s - 4 scrolls of identify
 t - a scroll of enchant weapon
Potions
 g - 2 potions of heal wounds {unknown}
 h - 3 potions of curing {unknown}
 j - a potion of haste {unknown}
 n - 3 potions of lignification {unknown}
 r - a potion of attraction {unknown}
 u - a potion of cancellation {unknown}
 x - a potion of magic {unknown}
 z - 2 potions of might


   Skills:
 - Level 2.6 Fighting
 * Level 9.6 Axes
 + Level 5.7 Throwing
 - Level 2.6 Armour
 - Level 2.6 Shields


You had 7 spell levels left.
You didn't know any spells.
Your spell library contained the following spells:

 Spells                   Type           Power      Damage    Failure   Level
 Animate Skeleton         Necr           0%         N/A       91%         1
 Apportation              Tloc           0%         N/A       91%         1
 Corona                   Hex            0%         N/A       91%         1
 Pain                     Necr           0%         1d4       91%         1
 Summon Small Mammal      Summ           0%         N/A       91%         1
 Vampiric Draining        Necr           0%         2d6       99%         3
 Animate Dead             Necr           0%         N/A       100%        4
 Agony                    Necr           0%         N/A       100%        5


Dungeon Overview and Level Annotations

Branches:
Dungeon (7/15)             Temple (0/1) D:5


Innate Abilities, Weirdness & Mutations

Your attributes grow dramatically as you level up.
You have an increased reservoir of magic. (+10% MP)
You shall have no god before yourself.


Message History

You closely miss the hornet. The hornet stings you.
You feel yourself slow down. You block the gnoll's attack.
The hornet stings you!
You feel as though you will be slow longer.
Unknown command.
You miss the hornet. You block the hornet's attack.
The gnoll hits you but does no damage. You block the hornet's attack.
The gnoll hits you but does no damage.
Unknown command.
Okay, then.
You closely miss the hornet. The hornet stings you!
You suddenly lose the ability to move!
The hornet stings you!
You feel as though you will be slow longer.
The gnoll hits you from afar with a +0 spear of freezing.
The gnoll freezes you. The hornet barely misses you.
The gnoll hits you but does no damage. The hornet stings you!
* * * LOW HITPOINT WARNING * * *
You feel as though you will be slow longer.
You can move again.
A red film seems to cover your vision as you go berserk!
You feel yourself moving faster!
You feel mighty! The hornet closely misses you.
The gnoll hits you from afar with a +0 spear of freezing!
* * * LOW HITPOINT WARNING * * *
The gnoll freezes you.
* * * LOW HITPOINT WARNING * * *
The hornet stings you.
* * * LOW HITPOINT WARNING * * *
You are poisoned.
You feel as though you will be slow longer.
You block the gnoll's attack.
You slash the hornet! You freeze the hornet.
The hornet is heavily wounded.
You feel very sick. The hornet stings you.
* * * LOW HITPOINT WARNING * * *
You feel as though you will be slow longer.
The gnoll hits you from afar with a +0 spear of freezing!
You die...

###### #....# ##
.....# ...#######
#.#..# #.......#
#.#..#
#.......#####.#..####
#......gy@..).#.....#
#.......##...)..###.#
#.......##......###.#
#.......##......#<..#
......#####......#####
###### ######... #####


You could see a hornet and a gnoll.

Vanquished Creatures
  A cyclops (D:6)
  A steam dragon (D:6)
  Purgy (D:4)
  A water moccasin (D:6)
  3 ice beasts
  2 black bears
  Blork the orc (D:4)
  2 bullfrogs
  A scorpion (D:6)
  A howler monkey (D:5)
  A centaur zombie (D:6)
  A bullfrog zombie (D:5)
  3 hounds
  2 jellies (D:2)
  A centaur skeleton (D:3)
  2 orc priests (D:6)
  2 iguanas
  5 orc wizards
  A hound skeleton (D:4)
  Robin (D:3)
  4 adders
  9 gnolls
  An adder zombie (D:5)
  An adder skeleton (D:5)
  3 worms
  3 dart slugs
  9 orcs
  8 ball pythons
  10 endoplasms
  4 giant cockroaches
  13 goblins
  6 hobgoblins
  6 jackals
  4 quokkas
  2 bats (D:1)
  2 frilled lizards (D:3)
  8 kobolds (D:2)
  4 rats
130 creatures vanquished.

Vanquished Creatures (others)
  2 fungi (D:2)
  9 toadstools (D:2)
11 creatures vanquished.

Grand Total: 141 creatures vanquished

Notes
Turn   | Place    | Note
-------+----------+-------------------------------------------
     0 | D:1      | Hasart the Demigod Fighter began the quest for the Orb.
     0 | D:1      | Reached XP level 1. HP: 18/18 MP: 3/3
   244 | D:1      | Reached skill level 2 in Axes
   642 | D:1      | Reached XP level 2. HP: 23/25 MP: 4/4
  1076 | D:2      | Reached skill level 3 in Axes
  1105 | D:2      | Reached XP level 3. HP: 23/30 MP: 5/5
  1309 | D:2      | Reached skill level 4 in Axes
  1309 | D:2      | Reached XP level 4. HP: 37/37 MP: 6/6
  1719 | D:3      | Reached XP level 5. HP: 35/42 MP: 7/7
  1820 | D:3      | Reached skill level 5 in Axes
  1821 | D:3      | Noticed Robin
  1853 | D:3      | Killed Robin
  1854 | D:3      | Reached skill level 1 in Throwing
  2286 | D:4      | Noticed Blork the orc
  2298 | D:4      | Killed Blork the orc
  2299 | D:4      | Reached XP level 6. HP: 16/50 MP: 8/8
  2568 | D:4      | Noticed Purgy
  2596 | D:4      | Killed Purgy
  2597 | D:4      | Reached skill level 6 in Axes
  2798 | D:5      | Entered Level 5 of the Dungeon
  2906 | D:5      | Found a staircase to the Ecumenical Temple.
  2958 | D:6      | Reached XP level 7. HP: 56/56 MP: 9/9
  3006 | D:6      | Reached skill level 7 in Axes
  3580 | D:6      | Noticed a steam dragon
  3587 | D:6      | Killed a steam dragon
  3588 | D:6      | Reached skill level 8 in Axes
  3588 | D:6      | Reached XP level 8. HP: 29/62 MP: 10/10
  3746 | D:6      | Reached skill level 5 in Throwing
  3919 | D:6      | Noticed a cyclops
  3999 | D:6      | Noticed a cyclops
  4022 | D:6      | Killed a cyclops
  4023 | D:6      | Reached skill level 9 in Axes
  4340 | D:7      | Noticed a hornet
  4351 | D:7      | Paralysed by a hornet for 2 turns
  4354 | D:7      | Slain by a gnoll

Illustrated notes

Levels and vault maps discovered:
D:1:      shiori_arrival_elements, layout_rooms
D:2:      cheibrodos_fertilizer, layout_rooms, basic_ecumenical_altar
D:3:      layout_rooms, uniq_robin
D:4:      layout_cave_pools, uniq_purgy, uniq_blork_the_orc
D:5:      layout_cave_pools, amethyst_overflow_temple_binary, temple_pool_b,
          minmay_curled_crystal, minmay_a_box_with_orc_wizards_in_it
D:6:      layout_cave_pools, kennysheep_mini, hangedman_abyss_or_decor_stabs,
          minmay_misc_feat_x, lightli_corner_chamber
D:7:      layout_basic, zin_treasury

Skill      XL: |  1  2  3  4  5  6  7  8 |
---------------+-------------------------+-----
Axes           | 2 3 4 5 6 8 9 |  9.6
Throwing       | 1 2 4 5 |  5.7
Fighting       | |  2.6
Armour         | |  2.6
Shields        | |  2.6

Action                   |  1- 3 |  4- 6 |  7- 9 || total
-------------------------+-------+-------+-------++-------
Melee: War axe           |    89 |   114 |       ||   203
       Hand axe          |       |    42 |   177 ||   219
Throw: Javelin           |       |     2 |       ||     2
  Use: Scroll            |     4 |     1 |     4 ||     9
       Potion            |       |     1 |     1 ||     2
 Stab: Sleeping          |       |       |     1 ||     1
Armor: Scale mail        |    64 |    63 |       ||   127
       Troll leather arm |       |     7 |    76 ||    83
Dodge: Dodged            |    25 |    47 |    84 ||   156
Block: Kite shield       |    58 |    95 |   108 ||   261

Table legend: (Time is in decaauts)
 A = Elapsed time spent in this place.
 B = Non-inter-level travel time spent in this place.
 C = Inter-level travel time spent in this place.
 D = Time resting spent in this place.
 E = Time spent auto-exploring this place.
 F = Levels seen in this place.
 G = Mean time per level.
                   A        B        C        D        E       F      G
               +--------+--------+--------+--------+--------+-----+--------+
         Total |   4514 |   4276 |    238 |    108 |   2998 |   7 |  644.9 |
       Dungeon |   4514 |   4276 |    238 |    108 |   2998 |   7 |  644.9 |
               +--------+--------+--------+--------+--------+-----+--------+

Top non-repeatable levels by time:
     D:1: 1020 daAuts
     D:6: 915 daAuts
     D:3: 686 daAuts
     D:4: 656 daAuts
     D:5: 611 daAuts
     D:2: 578 daAuts
     D:7: 45 daAuts
